[Event "CZE-ch Youth B12 2022"]
[Site "Luhacovice"]
[Date "2022.03.12"]
[Round "1.1"]
[White "Delgerdalai, Bayarjavkhlan"]
[Black "Soucek, Andrej"]
[Result "1-0"]
[ECO "B33"]
[WhiteElo "2074"]
[BlackElo "1399"]
[Annotator "ChessBase"]
[PlyCount "45"]
[EventDate "2022.03.12"]
[EventType "swiss"]
[EventCountry "CZE"]
[SourceTitle "playchess.com"]
[Source "ChessBase"]
[SourceQuality "1"]
[TimeControl "5400+30"]

1. e4 c5 2. Nf3 Nc6 3. d4 cxd4 4. Nxd4 Nf6 5. Nc3 e5 6. Ndb5 d6 7. Bg5 a6 8. Na3 b5 9. Nd5 Be7 10. Bxf6 Bxf6 11. c3 O-O 12. Be2 Be6 13. Nxf6+ gxf6 14. Nc2 f5 15. exf5 Bxf5 16. Ne3 Bg6 17. h4 f5 18. Qd5+ Kh8 19. Qxc6 e4 20. h5 Be8 21. Qd5 f4 22. Ng4 f3 23. Qd4+ 1-0

[Event "CZE-ch Youth B12 2022"]
[Site "Luhacovice"]
[Date "2022.03.12"]
[Round "1.2"]
[White "Tejnor, Martin"]
[Black "Roubal, Matyas"]
[Result "0-1"]
[ECO "B01"]
[WhiteElo "1367"]
[BlackElo "1870"]
[Annotator "NA"]
[PlyCount "48"]
[EventDate "2022.03.12"]
[EventType "swiss"]
[EventCountry "CZE"]
[SourceTitle "playchess.com"]
[Source "ChessBase"]
[SourceQuality "1"]
[TimeControl "5400+30"]

1. e4 d5 2. exd5 Qxd5 3. Nc3 Qa5 4. d4 Nf6 5. Bc4 c6 6. Nf3 Bf5 7. Bd2 e6 8. a3 Qc7 9. Bb3 Nbd7 10. Qe2 O-O-O 11. O-O-O Bd6 12. h3 h6 13. Rhe1 Nb6 14. Kb1 Rhe8 15. Ka1 Nbd5 16. Ne5 Nxc3 17. Bxc3 Ne4 18. Qf3 Bxe5 19. dxe5 Rxd1+ 20. Rxd1 Rd8 21. Rxd8+ Qxd8 22. Qe3 Qd1+ 23. Ka2 Nxc3+ 24. Qxc3 Qe2 0-1

[Event "CZE-ch Youth B12 2022"]
[Site "Luhacovice"]
[Date "2022.03.12"]
[Round "1.3"]
[White "Popov, Roman"]
[Black "Letal, Hynek"]
[Result "1-0"]
[ECO "D32"]
[WhiteElo "2353"]
[BlackElo "1371"]
[Annotator "RC"]
[PlyCount "66"]
[EventDate "2022.03.12"]
[EventType "swiss"]
[EventCountry "CZE"]
[SourceTitle "playchess.com"]
[Source "ChessBase"]
[SourceQuality "1"]
[TimeControl "5400+30"]

1. d4 d5 2. c4 e6 3. Nc3 c5 4. cxd5 cxd4 5. Qxd4 Nc6 6. Qd1 exd5 7. Qxd5 Be6 8. Qxd8+ Rxd8 9. Bd2 Nb4 10. O-O-O Nxa2+ 11. Nxa2 Bxa2 12. e4 a6 13. Bc3 Rc8 14. Kc2 b5 15. Ra1 Be6 16. Kb1 Bb3 17. Rxa6 b4 18. Bb5+ Kd8 19. Bd4 Nf6 20. Bb6+ Ke7 21. Ra7+ Ke6 22. Nf3 Bc2+ 23. Ka1 h6 24. e5 Bc5 25. Bxc5 Rxc5 26. exf6 Rd8 27. fxg7 Kd5 28. Rc1 b3 29. Ne1 Rdc8 30. Bd7 Be4 31. Rd1+ Bd3 32. Bxc8 Ke4 33. g8=Q Kd5 1-0

[Event "CZE-ch Youth B12 2022"]
[Site "Luhacovice"]
[Date "2022.03.12"]
[Round "1.4"]
[White "Pasek, Josef"]
[Black "Martirosyan, David"]
[Result "0-1"]
[ECO "D02"]
[WhiteElo "1351"]
[BlackElo "1725"]
[Annotator "NA"]
[PlyCount "96"]
[EventDate "2022.03.12"]
[EventType "swiss"]
[EventCountry "CZE"]
[SourceTitle "playchess.com"]
[Source "ChessBase"]
[SourceQuality "1"]
[TimeControl "5400+30"]

1. d4 d5 2. Nf3 e6 3. g3 b5 4. Bg2 Nf6 5. O-O Bb7 6. b3 Nbd7 7. Bb2 Be7 8. Nbd2 O-O 9. Rc1 c5 10. Ne5 Nxe5 11. dxe5 Nd7 12. c4 bxc4 13. bxc4 Nb6 14. cxd5 Bxd5 15. Ba3 Bxg2 16. Kxg2 Qd5+ 17. Nf3 Rac8 18. Qc2 Rc7 19. Rfd1 Qb7 20. Kg1 Rfc8 21. Rb1 Qa8 22. Nd2 Nd5 23. Nc4 Nb4 24. Qb3 Rd8 25. Rxd8+ Qxd8 26. Bxb4 cxb4 27. Rd1 Rd7 28. Rd3 g6 29. Qd1 Rd5 30. Ne3 Rxd3 31. Qxd3 Qa5 32. Qc2 Qxe5 33. Nc4 Qd4 34. Nb2 Qc3 35. Qb1 a5 36. Na4 Qc6 37. Qb3 Bf6 38. e3 Kg7 39. Qd1 h5 40. Qb3 g5 41. Qd1 Kh6 42. Qb3 h4 43. Qd1 h3 44. f3 g4 45. Kf2 gxf3 46. Qxf3 Qc2+ 47. Kf1 Bg5 48. Qxf7 Qd3+ 0-1

[Event "CZE-ch Youth B12 2022"]
[Site "Luhacovice"]
[Date "2022.03.12"]
[Round "1.5"]
[White "Kroulik, Vaclav"]
[Black "Knapek, Jan"]
[Result "1-0"]
[ECO "B72"]
[WhiteElo "1645"]
[BlackElo "1340"]
[Annotator "NA"]
[PlyCount "83"]
[EventDate "2022.03.12"]
[EventType "swiss"]
[EventCountry "CZE"]
[SourceTitle "playchess.com"]
[Source "ChessBase"]
[SourceQuality "1"]
[TimeControl "5400+30"]

1. e4 c5 2. Nf3 d6 3. d4 cxd4 4. Nxd4 Nf6 5. Nc3 g6 6. Be2 Bg7 7. Be3 O-O 8. f3 Nc6 9. Qd2 Bd7 10. O-O Nxd4 11. Bxd4 a6 12. a4 Qc7 13. a5 Rfb8 14. Na4 Bxa4 15. Rxa4 Qc6 16. Rc4 Qd7 17. Bb6 Rc8 18. Rd1 Rxc4 19. Bxc4 Rc8 20. b3 Qc6 21. Qf4 e5 22. Qd2 Bf8 23. h4 Nd7 24. Bf2 b5 25. axb6 Nxb6 26. Bxa6 Ra8 27. Bd3 Rd8 28. Qa5 Rb8 29. Qd2 d5 30. exd5 Nxd5 31. Be4 Bb4 32. Qxd5 Qf6 33. Bg3 Bc3 34. Qd6 Bd4+ 35. Rxd4 Qg7 36. Qxb8+ Qf8 37. Rd8 Kg7 38. Bxe5+ f6 39. Rxf8 fxe5 40. Qxe5+ Kh6 41. Bxg6 hxg6 42. Rh8# 1-0

[Event "CZE-ch Youth B12 2022"]
[Site "Luhacovice"]
[Date "2022.03.12"]
[Round "1.6"]
[White "Topencik, Bruno"]
[Black "Mik, Tomas"]
[Result "0-1"]
[ECO "B07"]
[WhiteElo "1339"]
[BlackElo "1643"]
[Annotator "NA"]
[PlyCount "92"]
[EventDate "2022.03.12"]
[EventType "swiss"]
[EventCountry "CZE"]
[SourceTitle "playchess.com"]
[Source "ChessBase"]
[SourceQuality "1"]
[TimeControl "5400+30"]

1. e4 d6 2. d4 Nf6 3. Nc3 Nbd7 4. Nf3 e5 5. dxe5 dxe5 6. Bc4 Be7 7. O-O O-O 8. Qe2 c6 9. a3 b5 10. Ba2 Qc7 11. b4 a5 12. Nd1 Bb7 13. c3 axb4 14. axb4 c5 15. Qxb5 Bxe4 16. Ne3 cxb4 17. cxb4 Rfb8 18. Qc4 Qxc4 19. Nxc4 Bd3 20. Ncxe5 Nxe5 21. Nxe5 Bxf1 22. Kxf1 Kf8 23. Bg5 Rb7 24. Nc6 Nd5 25. Bxe7+ Nxe7 26. b5 Nxc6 27. bxc6 Rc7 28. Ke2 Rxc6 29. Bd5 Rc2+ 30. Kd3 Rxa1 31. Kxc2 Rf1 32. Kd2 Rxf2+ 33. Ke3 Rb2 34. Kf3 Ke7 35. Bc4 f5 36. h3 g5 37. Ba6 Rb3+ 38. Kf2 Kf6 39. Bc8 Ke5 40. Bd7 Kf4 41. Bc6 Rb2+ 42. Kf1 Ke3 43. Kg1 g4 44. hxg4 fxg4 45. Kh2 Kf4 46. Bd5 g3+ 0-1

[Event "CZE-ch Youth B12 2022"]
[Site "Luhacovice"]
[Date "2022.03.12"]
[Round "1.7"]
[White "Vana, Jan"]
[Black "Krautschneider, Daniel Jan"]
[Result "1-0"]
[ECO "A50"]
[WhiteElo "1609"]
[BlackElo "1304"]
[Annotator "NA"]
[PlyCount "69"]
[EventDate "2022.03.12"]
[EventType "swiss"]
[EventCountry "CZE"]
[SourceTitle "playchess.com"]
[Source "ChessBase"]
[SourceQuality "1"]
[TimeControl "5400+30"]

1. d4 Nf6 2. c4 g6 3. h4 Bg7 4. Nc3 d5 5. e3 b6 6. Nf3 Bb7 7. cxd5 Nxd5 8. Bc4 O-O 9. h5 Nxc3 10. bxc3 c5 11. hxg6 hxg6 12. Qd3 Qd6 13. e4 cxd4 14. cxd4 e6 15. Ba3 Qd8 16. Bxf8 Kxf8 17. O-O Nc6 18. Rad1 Qd7 19. d5 exd5 20. Qxd5 Qxd5 21. Bxd5 Na5 22. Bxb7 Nxb7 23. Rd5 Nc5 24. e5 Ke7 25. Rfd1 Rc8 26. Nd4 Rc7 27. Rd6 Bh6 28. Nb5 Rb7 29. Nc3 Bg7 30. Nd5+ Ke8 31. Nf6+ Bxf6 32. exf6 Nd7 33. Re1+ Kd8 34. Re7 Rc7 35. Rxf7 1-0

[Event "CZE-ch Youth B12 2022"]
[Site "Luhacovice"]
[Date "2022.03.12"]
[Round "1.8"]
[White "Stejskal, Jakub"]
[Black "Stary, Vojtech"]
[Result "0-1"]
[ECO "C45"]
[WhiteElo "1557"]
[BlackElo "1640"]
[Annotator "NA"]
[PlyCount "84"]
[EventDate "2022.03.12"]
[EventType "swiss"]
[EventCountry "CZE"]
[SourceTitle "playchess.com"]
[Source "ChessBase"]
[SourceQuality "1"]
[TimeControl "5400+30"]

1. e4 e5 2. Nf3 Nc6 3. d4 exd4 4. Nxd4 Nf6 5. Nxc6 bxc6 6. e5 Qe7 7. Qe2 Nd5 8. c4 Ba6 9. b3 g6 10. Bb2 Nf4 11. Qe3 Bh6 12. Qe4 Ne6 13. Be2 Bb7 14. Nc3 O-O-O 15. Rd1 Ng5 16. Qe3 c5 17. h4 Nf3+ 18. Bxf3 Bxe3 19. Bxb7+ Kxb7 20. fxe3 Qxe5 21. Rh3 Rhe8 22. Na4 Qf5 23. Rf3 Qh5 24. Bf6 d6 25. Bxd8 Rxd8 26. Rxf7 Qxh4+ 27. Rf2 Re8 28. Rd3 Rf8 29. Rdd2 Qg3 30. Rde2 Rxf2 31. Rxf2 Qxe3+ 32. Re2 Qg1+ 33. Kd2 Qd4+ 34. Ke1 g5 35. Nb2 h5 36. Nd1 g4 37. Ne3 h4 38. Kf2 Qf4+ 39. Kg1 g3 40. Nf1 c6 41. Rd2 d5 42. cxd5 cxd5 0-1

[Event "CZE-ch Youth B12 2022"]
[Site "Luhacovice"]
[Date "2022.03.12"]
[Round "1.9"]
[White "Mydlar, Matej"]
[Black "Sotek, Simon"]
[Result "1/2-1/2"]
[ECO "C01"]
[WhiteElo "1554"]
[BlackElo "1280"]
[Annotator "NA"]
[PlyCount "112"]
[EventDate "2022.03.12"]
[EventType "swiss"]
[EventCountry "CZE"]
[SourceTitle "playchess.com"]
[Source "ChessBase"]
[SourceQuality "1"]
[TimeControl "5400+30"]

1. e4 e6 2. d4 d5 3. exd5 exd5 4. Nf3 Nf6 5. Bd3 Bd6 6. O-O O-O 7. Nc3 h6 8. h3 Nc6 9. Re1 Be6 10. Ne2 Nb4 11. Nf4 Nxd3 12. Nxe6 fxe6 13. cxd3 Qe7 14. Ne5 Bxe5 15. dxe5 Nd7 16. b3 Qc5 17. d4 Qe7 18. Qg4 Kh7 19. a4 Rf5 20. f4 Qb4 21. Qd1 c5 22. g4 Rf7 23. f5 exf5 24. e6 Re7 25. Ba3 Qc3 26. Kg2 f4 27. Qf3 Qxf3+ 28. Kxf3 Nf8 29. Bxc5 Rxe6 30. Bxf8 Rxe1 31. Rxe1 Rxf8 32. Re5 Rc8 33. Kxf4 Rc3 34. Rxd5 Rxb3 35. h4 a6 36. Rd6 Ra3 37. g5 hxg5+ 38. hxg5 Rxa4 39. g6+ Kh6 40. Kf5 Ra1 41. Rb6 Ra5+ 42. Ke4 Ra1 43. Rxb7 Kxg6 44. d5 Re1+ 45. Kd4 Kh6 46. Rb6+ Kh5 47. Rxa6 g5 48. Ra2 Kh4 49. d6 g4 50. Kd5 Kh3 51. d7 g3 52. Kc6 Rc1+ 53. Kb7 Rd1 54. Kc7 g2 55. Rxg2 Rxd7+ 56. Kxd7 Kxg2 1/2-1/2

[Event "CZE-ch Youth B12 2022"]
[Site "Luhacovice"]
[Date "2022.03.12"]
[Round "1.10"]
[White "Ruzicka, Oto"]
[Black "Kutil, Adam"]
[Result "0-1"]
[ECO "C31"]
[WhiteElo "1233"]
[BlackElo "1544"]
[Annotator "NA"]
[PlyCount "78"]
[EventDate "2022.03.12"]
[EventType "swiss"]
[EventCountry "CZE"]
[SourceTitle "playchess.com"]
[Source "ChessBase"]
[SourceQuality "1"]
[TimeControl "5400+30"]

1. e4 e5 2. f4 d5 3. exd5 e4 4. Nc3 Nf6 5. Bc4 Bf5 6. d3 exd3 7. Bxd3 Bg6 8. Nf3 Bb4 9. O-O O-O 10. f5 Bh5 11. Bg5 Qd6 12. a3 Bxc3 13. bxc3 Nxd5 14. Qd2 Qc5+ 15. Kh1 Qxc3 16. Qe2 Nd7 17. Rfe1 N7f6 18. Qf2 Rfe8 19. Ng1 Rxe1 20. Qxe1 Qxe1 21. Rxe1 Ng4 22. Nh3 f6 23. Bd2 Ne5 24. Bb5 c6 25. Ba4 Bg4 26. Nf4 Bxf5 27. Bb3 Rd8 28. Bc3 Nf7 29. Nxd5 cxd5 30. Bxd5 Bxc2 31. Bxb7 Ne5 32. h3 Nd3 33. Re2 Ba4 34. Rd2 Bb5 35. Be4 Kf7 36. Bxh7 g6 37. a4 Ba6 38. Re2 Rd7 39. Re4 Nf2+ 0-1

[Event "CZE-ch Youth B12 2022"]
[Site "Luhacovice"]
[Date "2022.03.12"]
[Round "1.11"]
[White "Mikulka, Martin Michael"]
[Black "Jansky, Adam"]
[Result "1-0"]
[ECO "C88"]
[WhiteElo "1406"]
[BlackElo "1233"]
[Annotator "NA"]
[PlyCount "107"]
[EventDate "2022.03.12"]
[EventType "swiss"]
[EventCountry "CZE"]
[SourceTitle "playchess.com"]
[Source "ChessBase"]
[SourceQuality "1"]
[TimeControl "5400+30"]

1. e4 e5 2. Nf3 Nc6 3. Bb5 a6 4. Ba4 Nf6 5. O-O b5 6. Bb3 Be7 7. Re1 O-O 8. d4 exd4 9. e5 Ne8 10. c3 d6 11. cxd4 Bg4 12. Bd5 Qd7 13. h3 Be6 14. Be4 Bf5 15. Qe2 d5 16. Bxf5 Qxf5 17. Bd2 b4 18. a3 g6 19. Rc1 Qd7 20. axb4 Nxb4 21. Bxb4 Bxb4 22. Rxa6 Ng7 23. Rac6 Ne6 24. Nbd2 Ra2 25. R6c2 Rfa8 26. Nf1 Ra1 27. Ne3 f5 28. exf6 Qf7 29. Nxd5 Bd6 30. Ne7+ Kh8 31. Qe1 Rxc1 32. Rxc1 Qxf6 33. Nc6 Nf4 34. Qe4 Qf8 35. Nce5 Ra4 36. Qc2 Bxe5 37. Qxa4 Ne2+ 38. Kf1 Nxc1 39. Nxe5 Kg7 40. Qd7+ Kg8 41. Qd5+ Kg7 42. Qc4 Qf4 43. Qxc7+ Kg8 44. Qd8+ Kg7 45. Qe7+ Kg8 46. Qe6+ Kg7 47. Ng4 g5 48. Qe5+ Qxe5 49. Nxe5 Nb3 50. Nf3 Kf6 51. Ke2 Kf5 52. Ke3 h6 53. d5 h5 54. Nd4+ 1-0

[Event "CZE-ch Youth B12 2022"]
[Site "Luhacovice"]
[Date "2022.03.12"]
[Round "1.12"]
[White "Kozdon, Marek"]
[Black "Chon, Jeremy"]
[Result "1/2-1/2"]
[ECO "D02"]
[WhiteElo "1183"]
[BlackElo "1455"]
[Annotator "NA RC"]
[PlyCount "183"]
[EventDate "2022.03.12"]
[EventType "swiss"]
[EventCountry "CZE"]
[SourceTitle "playchess.com"]
[Source "ChessBase"]
[SourceQuality "1"]
[TimeControl "5400+30"]

1. d4 d5 2. Nf3 e6 3. c4 f5 4. Nc3 Nf6 5. Bf4 Bd6 6. Bxd6 Qxd6 7. e3 c6 8. Be2 Nbd7 9. O-O O-O 10. Qc2 Ne4 11. Rac1 Rf6 12. cxd5 exd5 13. h3 Rh6 14. Bd3 Qf6 15. a4 g5 16. Nh2 Qe7 17. Nxe4 fxe4 18. Ng4 Rg6 19. Be2 h5 20. Nh2 Nf6 21. Qc5 Qe6 22. Qa5 Qd7 23. Qc5 g4 24. h4 Qe6 25. b4 Bd7 26. g3 Kh8 27. a5 Rgg8 28. Kg2 Rgc8 29. Kg1 Kg8 30. Rc2 Be8 31. Bd1 Nd7 32. Qc3 Qd6 33. Rb2 b6 34. Ba4 b5 35. Bb3 Nb8 36. Rc1 Na6 37. Ba2 Rc7 38. Nf1 Kh8 39. Nd2 Rac8 40. Nb1 Rf7 41. Na3 Bd7 42. Nc2 Rcf8 43. Ne1 Qg6 44. Ng2 Rf3 45. Bb3 Qe6 46. Bd1 R3f7 47. Nf4 Qh6 48. Qd2 Rf5 49. Kh2 Qd6 50. Kg1 Be8 51. Kf1 Nc7 52. Kg1 Ne6 53. Nxe6 Qxe6 54. Qe1 Qd6 55. Rc5 Bd7 56. Rcc2 Qf6 57. Rd2 Qd8 58. Rdc2 Qc7 59. Qf1 Qd6 60. Qe1 Qe6 61. Rd2 Rg8 62. Rdc2 Qe7 63. Rc5 Qe6 64. Rcc2 Qf6 65. Rd2 Qd8 66. Rdc2 Qe7 67. Rc5 a6 68. Rcc2 Rff8 69. Rd2 Rb8 70. Bb3 Rgc8 71. Rdc2 Qf6 72. Qe2 Qf3 73. Qxf3 gxf3 74. Rc1 Rg8 75. Kh2 Rg6 76. Rbc2 Rd6 77. Rc5 Rg8 78. Ba2 Kg7 79. Bb3 Kf6 80. Ba2 Ke7 81. Bb3 Rdg6 82. Rg1 Kd6 83. Ba2 Be8 84. Bb3 Rg4 85. Ba2 Bd7 86. Rcc1 Bc8 87. Bb3 Bb7 88. Rc5 Rc8 89. Ba2 Rgg8 90. Rgc1 Rg7 91. Bb3 Rgc7 92. Ba2 1/2-1/2

[Event "CZE-ch Youth B12 2022"]
[Site "Luhacovice"]
[Date "2022.03.13"]
[Round "2.1"]
[White "Mik, Tomas"]
[Black "Delgerdalai, Bayarjavkhlan"]
[Result "1/2-1/2"]
[ECO "B90"]
[WhiteElo "1643"]
[BlackElo "2074"]
[Annotator "NA"]
[PlyCount "97"]
[EventDate "2022.03.12"]
[EventType "swiss"]
[EventCountry "CZE"]
[SourceTitle "playchess.com"]
[Source "ChessBase"]
[SourceQuality "1"]
[TimeControl "5400+30"]

1. e4 c5 2. Nf3 d6 3. d4 cxd4 4. Nxd4 Nf6 5. Nc3 a6 6. Be3 e5 7. Nb3 Be6 8. Be2 Be7 9. O-O Nbd7 10. f4 Qc7 11. Kh1 (11. f5 $5 Bc4 12. Bxc4 Qxc4 13. Qf3 $11) 11... O-O 12. f5 Bc4 13. g4 $14 d5 14. Nxd5 Nxd5 15. exd5 Nf6 16. Bxc4 Qxc4 17. d6 Bxd6 18. h3 Nd5 19. Qf3 e4 20. Qf2 Nxe3 21. Qxe3 Be5 22. c3 Rad8 23. Rae1 Rd3 24. Qxe4 Rxh3+ 25. Kg2 Rh2+ 26. Kg1 Qxe4 27. Rxe4 Bb8 28. Rf2 Rh4 29. Kg2 h5 30. Kf3 Rh3+ 31. Ke2 h4 32. Rf3 Bg3 33. Nd2 Rd8 34. Nf1 Rh1 35. Nxg3 Rh2+ 36. Ke3 hxg3 37. Rxg3 Rxb2 38. a4 Rc8 39. Kd3 b5 40. axb5 axb5 41. Rge3 Kf8 42. Rd4 Re8 43. Rh3 Ree2 44. Rh8+ Ke7 45. Re4+ Rxe4 46. Kxe4 Rb3 47. Rc8 Kd6 48. g5 b4 49. cxb4 1/2-1/2

[Event "CZE-ch Youth B12 2022"]
[Site "Luhacovice"]
[Date "2022.03.13"]
[Round "2.2"]
[White "Roubal, Matyas"]
[Black "Vana, Jan"]
[Result "1-0"]
[ECO "B31"]
[WhiteElo "1870"]
[BlackElo "1609"]
[Annotator "NA"]
[PlyCount "101"]
[EventDate "2022.03.12"]
[EventType "swiss"]
[EventCountry "CZE"]
[SourceTitle "playchess.com"]
[Source "ChessBase"]
[SourceQuality "1"]
[TimeControl "5400+30"]

1. e4 c5 2. Nf3 Nc6 3. Bb5 g6 4. O-O Bg7 5. c3 e5 6. d4 cxd4 7. cxd4 Nxd4 8. Nxd4 exd4 9. Bf4 Ne7 10. Nd2 O-O 11. Bd6 $14 Re8 12. Qf3 Nc6 13. Bc4 Qf6 14. Qxf6 Bxf6 15. f4 Be7 16. Bxe7 Nxe7 17. Nf3 Nc6 18. e5 h6 19. Rad1 d6 20. exd6 Bg4 21. Bd5 Be6 22. Bxc6 bxc6 23. Rxd4 Bxa2 24. Ne5 Bd5 25. Rc1 Rab8 26. Rd2 Rbd8 27. Nxc6 Bxc6 28. Rxc6 Rd7 29. Kf2 f5 30. Rd5 Kf7 31. g3 Kf6 32. Ra6 Re6 33. h4 h5 34. Rc6 Re8 35. Rd2 Re6 36. b4 Re8 37. Rc7 Red8 38. Rxd7 Rxd7 39. Ra2 Ke6 40. Ke3 Kxd6 41. Ra6+ Kd5 42. Rxg6 Kc4 43. Rg5 Kxb4 44. Rxh5 Rf7 45. Rh8 a5 46. Rb8+ Kc4 47. Rc8+ Kb3 48. Rb8+ Kc4 49. Ra8 Kb4 50. Kd4 Rd7+ 51. Ke5 1-0

[Event "CZE-ch Youth B12 2022"]
[Site "Luhacovice"]
[Date "2022.03.13"]
[Round "2.4"]
[White "Martirosyan, David"]
[Black "Mikulka, Martin Michael"]
[Result "1/2-1/2"]
[ECO "D95"]
[WhiteElo "1725"]
[BlackElo "1406"]
[Annotator "NA"]
[PlyCount "111"]
[EventDate "2022.03.12"]
[EventType "swiss"]
[EventCountry "CZE"]
[SourceTitle "playchess.com"]
[Source "ChessBase"]
[SourceQuality "1"]
[TimeControl "5400+30"]

1. d4 Nf6 2. Nf3 g6 3. c4 Bg7 4. Nc3 d5 5. e3 O-O 6. Qb3 e6 7. Be2 dxc4 8. Bxc4 b6 9. O-O Bb7 10. Be2 Nbd7 11. Qc2 Qe7 12. b3 c5 13. Ba3 Rac8 14. Rac1 Rfd8 15. Rfd1 Bf8 16. Qb1 Qe8 17. dxc5 Nxc5 18. Bb5 Rxd1+ 19. Rxd1 Bc6 20. Nd4 Bxb5 21. Ndxb5 Nce4 22. Bxf8 Nxc3 23. Nxc3 Kxf8 24. Qb2 Rd8 25. g3 Rxd1+ 26. Nxd1 Qe7 27. Nc3 Kg8 28. h3 Qd7 29. Qc2 Nd5 30. Nxd5 Qxd5 31. e4 Qa5 32. Kg2 Qa3 33. g4 Qa5 34. h4 Qe5 35. f3 Qf6 36. Kg3 Qe5+ 37. f4 Qd4 38. Qe2 Qc3+ 39. Qf3 Qe1+ 40. Kh3 Qa5 41. a4 Qc5 42. e5 Qc2 43. h5 gxh5 44. gxh5 Qf5+ 45. Kh4 h6 46. Qg4+ Qxg4+ 47. Kxg4 Kf8 48. Kf3 Ke7 49. Ke4 Kd7 50. Kd4 a6 51. b4 Kc6 52. Kc4 b5+ 53. axb5+ axb5+ 54. Kd4 Kb6 55. f5 Kc6 56. fxe6 1/2-1/2

[Event "CZE-ch Youth B12 2022"]
[Site "Luhacovice"]
[Date "2022.03.13"]
[Round "2.5"]
[White "Kutil, Adam"]
[Black "Kroulik, Vaclav"]
[Result "0-1"]
[ECO "D02"]
[WhiteElo "1544"]
[BlackElo "1645"]
[Annotator "NA"]
[PlyCount "151"]
[EventDate "2022.03.12"]
[EventType "swiss"]
[EventCountry "CZE"]
[SourceTitle "playchess.com"]
[Source "ChessBase"]
[SourceQuality "1"]
[TimeControl "5400+30"]

1. Nf3 d5 2. d4 Nf6 3. c4 Bf5 4. Nc3 e6 5. Bg5 c6 6. e3 h6 7. Bh4 Nbd7 8. Bd3 Bxd3 9. Qxd3 Qb6 10. O-O Be7 11. c5 Qd8 12. b4 g5 13. Bg3 Nh5 14. Be5 Nxe5 15. Nxe5 Ng7 16. f4 O-O 17. fxg5 Bxg5 18. e4 f5 19. exf5 exf5 20. b5 Rc8 21. bxc6 bxc6 22. Rf3 Rc7 23. Raf1 Qf6 24. g4 f4 25. Ng6 Ne6 26. Nxf8 Kxf8 27. Ne2 Rf7 28. Rd1 Bh4 29. Rdf1 Qg5 30. h3 h5 31. Kh1 hxg4 32. hxg4 Qxg4 33. Rg1 Qh5 34. Kg2 Rg7+ 35. Kf1 Rxg1+ 36. Nxg1 Bf6 37. Rh3 Qg4 38. Qf3 Qg6 39. Qb3 Bxd4 40. Qb8+ Kf7 41. Ne2 Bxc5 42. Rh8 Kf6 43. Rg8 Qh5 44. Rh8 Qf3+ 45. Ke1 Qf2+ 46. Kd1 Qf1+ 47. Kd2 Be3+ 48. Kc3 d4+ 49. Kb4 c5+ 50. Ka3 Qxe2 51. Rh6+ Kf5 52. Qb1+ d3 53. Qb3 Bc1+ 54. Ka4 Qe4+ 55. Ka5 Bd2+ 56. Ka6 Nc7+ 57. Kxa7 Qa8+ 58. Kb6 Qa6+ 59. Kxc7 Ba5+ 60. Kd7 Qxh6 61. Qxd3+ Kg4 62. Qd1+ f3 63. Qg1+ Kh5 64. Qh2+ Kg6 65. Qd6+ Kh7 66. Qd3+ Qg6 67. Qxf3 Qg7+ 68. Kc6 Qc7+ 69. Kb5 Qb6+ 70. Kc4 Qb4+ 71. Kd3 Qa3+ 72. Ke4 Qxf3+ 73. Kxf3 c4 74. Ke3 c3 75. Kd3 Kg6 76. Kd4 0-1

[Event "CZE-ch Youth B12 2022"]
[Site "Luhacovice"]
[Date "2022.03.13"]
[Round "2.6"]
[White "Chon, Jeremy"]
[Black "Mydlar, Matej"]
[Result "1/2-1/2"]
[ECO "A05"]
[WhiteElo "1455"]
[BlackElo "1554"]
[Annotator "NA"]
[PlyCount "86"]
[EventDate "2022.03.12"]
[EventType "swiss"]
[EventCountry "CZE"]
[SourceTitle "playchess.com"]
[Source "ChessBase"]
[SourceQuality "1"]
[TimeControl "5400+30"]

1. Nf3 Nf6 2. d4 e6 3. Bf4 c5 4. e3 Nc6 5. c3 d5 6. Bd3 b6 7. O-O Be7 8. Nbd2 O-O 9. Ne5 Nxe5 10. dxe5 Nd7 11. Bg3 Bb7 12. Qg4 Re8 13. h3 Bf8 14. Rad1 g6 15. h4 Bg7 16. f4 f5 17. Qh3 Rc8 18. Bf2 Qc7 19. Kh2 Red8 20. Nf3 h6 21. h5 Nf8 22. hxg6 Nxg6 23. g4 d4 24. gxf5 dxe3 25. fxg6 exf2 26. Qxe6+ Kh8 27. Qh3 Bxf3 28. Qxf3 Rf8 29. Qg4 Rxf4 30. Qh5 Qe7 31. Kg3 Rcf8 32. Rd2 Rh4 33. Qxh4 Bxe5+ 34. Kh3 Rf3+ 35. Kg2 Qxh4 36. Kxf3 c4 37. Bb1 Qg3+ 38. Ke2 Bf4 39. Rd8+ Kg7 40. Re8 h5 41. Rxf2 Qg4+ 42. Rf3 Qg2+ 43. Rf2 Qg4+ 1/2-1/2

[Event "CZE-ch Youth B12 2022"]
[Site "Luhacovice"]
[Date "2022.03.13"]
[Round "2.7"]
[White "Sotek, Simon"]
[Black "Kozdon, Marek"]
[Result "1/2-1/2"]
[ECO "D14"]
[WhiteElo "1280"]
[BlackElo "1183"]
[Annotator "NA"]
[PlyCount "120"]
[EventDate "2022.03.12"]
[EventType "swiss"]
[EventCountry "CZE"]
[SourceTitle "playchess.com"]
[Source "ChessBase"]
[SourceQuality "1"]
[TimeControl "5400+30"]

1. d4 d5 2. c4 c6 3. Nc3 Nf6 4. cxd5 cxd5 5. Nf3 Bf5 6. Bf4 Nc6 7. e3 e6 8. Bd3 Bg6 9. Ne5 Nxe5 10. Bxe5 Bd6 11. Bxg6 hxg6 12. Qa4+ Kf8 13. Bxd6+ Qxd6 14. h3 Nd7 15. Ke2 Nb6 16. Qb3 Qc6 17. Rac1 Qc4+ 18. Qxc4 Nxc4 19. b3 Nd6 20. a4 a6 21. Rc2 Rc8 22. Rhc1 Ke7 23. f3 Kd7 24. e4 dxe4 25. Nxe4 Rxc2+ 26. Rxc2 Nxe4 27. fxe4 Rc8 28. Rxc8 Kxc8 29. Kd3 Kd7 30. h4 Kd6 31. Kc4 b6 32. e5+ Kc6 33. g4 b5+ 34. axb5+ axb5+ 35. Kd3 Kd5 36. b4 g5 37. hxg5 g6 38. Ke3 Kc4 39. Ke4 Kxb4 40. d5 exd5+ 41. Kxd5 Kc3 42. Kd6 b4 43. Ke7 b3 44. Kxf7 b2 45. e6 b1=Q 46. e7 Qb7 47. Kf8 Qf3+ 48. Kg7 Qe4 49. Kf7 Qd5+ 50. Kf8 Qf3+ 51. Kg7 Qe3 52. Kf7 Qf2+ 53. Kxg6 Qe3 54. Kf7 Qf4+ 55. Kg6 Qe4+ 56. Kf7 Qd5+ 57. Kf8 Qd6 58. Kf7 Qd5+ 59. Kf8 Qf3+ 60. Kg7 Qb7 1/2-1/2

[Event "CZE-ch Youth B12 2022"]
[Site "Luhacovice"]
[Date "2022.03.13"]
[Round "2.8"]
[White "Soucek, Andrej"]
[Black "Topencik, Bruno"]
[Result "1-0"]
[ECO "C65"]
[WhiteElo "1399"]
[BlackElo "1339"]
[Annotator "NA"]
[PlyCount "123"]
[EventDate "2022.03.12"]
[EventType "swiss"]
[EventCountry "CZE"]
[SourceTitle "playchess.com"]
[Source "ChessBase"]
[SourceQuality "1"]
[TimeControl "5400+30"]

1. e4 e5 2. Nf3 Nc6 3. Bb5 Nf6 4. O-O Bc5 5. c3 a6 6. Ba4 b5 7. Bc2 d6 8. h3 O-O 9. d4 exd4 10. cxd4 Bb6 11. Bg5 h6 12. Bh4 Re8 13. Nc3 g5 14. Bg3 b4 15. Ba4 Bd7 16. e5 bxc3 17. exf6 cxb2 18. Rb1 Qxf6 19. Rxb2 Nxd4 20. Bxd7 Nxf3+ 21. Qxf3 Qxb2 22. Bxe8 Rxe8 23. Qd5 Qd4 24. Qc6 Qe4 25. Qd7 Qe6 26. Qa4 a5 27. Qc6 Rd8 28. h4 f6 29. a4 Kf8 30. Rc1 Qb3 31. Rc3 Qd1+ 32. Kh2 Qh5 33. Kg1 Qe8 34. Qf3 Qf7 35. Qc6 Rd7 36. Qa8+ Kg7 37. Qe4 d5 38. Qg4 d4 39. Rd3 c5 40. hxg5 hxg5 41. Be5 Kg6 42. Bxf6 Qxf6 43. Qxd7 Qf5 44. Qe8+ Qf7 45. Qxf7+ Kxf7 46. Rb3 Bd8 47. Rb5 c4 48. Kf1 c3 49. Rc5 Be7 50. Rc4 Bf6 51. Ke2 Ke6 52. Kd3 Kd5 53. Rc7 Kd6 54. Ra7 Bd8 55. Ra8 Bb6 56. Rg8 Kc5 57. Rxg5+ Kb4 58. Rb5+ Kxa4 59. Rxb6 Ka3 60. g4 a4 61. g5 Ka2 62. g6 1-0

[Event "CZE-ch Youth B12 2022"]
[Site "Luhacovice"]
[Date "2022.03.13"]
[Round "2.9"]
[White "Krautschneider, Daniel Jan"]
[Black "Tejnor, Martin"]
[Result "1-0"]
[ECO "B80"]
[WhiteElo "1304"]
[BlackElo "1367"]
[Annotator "NA"]
[PlyCount "45"]
[EventDate "2022.03.12"]
[EventType "swiss"]
[EventCountry "CZE"]
[SourceTitle "playchess.com"]
[Source "ChessBase"]
[SourceQuality "1"]
[TimeControl "5400+30"]

1. e4 c5 2. Nf3 Nf6 3. Nc3 d6 4. d4 cxd4 5. Nxd4 e6 6. Be3 Be7 7. f3 a6 8. Qd2 Nc6 9. O-O-O Bd7 10. g4 b5 11. h4 b4 12. Nb1 a5 13. h5 a4 14. Bd3 b3 15. a3 bxc2 16. Bxc2 Ne5 17. g5 Ng8 18. Rdg1 Nc4 19. Qe2 Rc8 20. Nc3 Nxa3 21. g6 f6 22. gxh7 Rxh7 23. Qg2 1-0